 Dungeon Crawl Stone Soup version 0.29.1-1-gd02db6906a (webtiles) character file.

Game seed: 3913512115944821009

49 quakins the Chopper (level 3, -1/31 HPs)
             Began as a Hill Orc Fighter on Oct 6, 2022.
             Succumbed to a goblin's poison
             ... on level 2 of the Dungeon.
             The game lasted 00:01:35 (1334 turns).

quakins the Chopper (Hill Orc Fighter)              Turns: 1334, Time: 00:01:35

Health: -1/31      AC:  6    Str: 20    XL:     3   Next: 75%
Magic:  3/3        EV:  9    Int:  8    God:
Gold:   39         SH:  4    Dex: 10    Spells: 2/2 levels left

rFire   . . .      SeeInvis .   a - +0 war axe
rCold   . . .      Faith    .   c - +0 buckler
rNeg    . . .      Spirit   .   b - +0 scale mail
rPois   .          Reflect  .   (no helmet)
rElec   .          Harm     .   (no cloak)
rCorr   .          Rampage  .   (no gloves)
Will    .....                   (no boots)
Stlth   ..........              (no amulet)
HPRegen 0.10/turn               (no ring)
MPRegen 0.08/turn               (no ring)

@: lethally poisoned (-1 -> -10)
A: no striking features
a: no special abilities


You were on level 2 of the Dungeon.
You visited 1 branch of the dungeon, and saw 2 of its levels.

You collected 39 gold pieces.

Inventory:

Hand Weapons
 a - a +0 war axe (weapon)
Armour
 b - a +0 scale mail (worn)
 c - a +0 buckler (worn)
Scrolls
 e - a scroll of noise {unknown}
 f - 2 scrolls of vulnerability {unknown}
 h - 2 scrolls of identify {unknown}
 j - a scroll of amnesia {unknown}
Potions
 d - a potion of might
 g - a potion of brilliance {unknown}
 i - 2 potions of curing {unknown}
 k - a potion of mutation {unknown}


   Skills:
 - Level 3.6 Fighting
 * Level 5.3 Axes
 - Level 3.2 Armour
 - Level 3.2 Shields


You had 2 spell levels left.
You didn't know any spells.
Your spell library was empty.

Dungeon Overview and Level Annotations

Branches:
Dungeon (2/15)

Altars:


Message History

A bat comes into view.
There are monsters nearby!
There are monsters nearby!
Found a pair of gloves.
Found a stone staircase leading down.
The bat closely misses you. The bat barely misses you.
You block the goblin's attack.
You barely miss the goblin. The bat hits you but does no damage.
You block the goblin's attack.
You hit the goblin.
The goblin is heavily wounded.
The bat barely misses you.
The goblin hits you with a +1 dagger of venom.
You are poisoned.
The goblin hits you with a +1 dagger of venom.
You are more poisoned.
You barely miss the goblin.
The goblin is heavily wounded.
You feel very sick. The bat hits you but does no damage.
The goblin closely misses you.
You closely miss the goblin.
The goblin is heavily wounded.
You feel very sick. The bat hits you but does no damage. The bat hits you.
The goblin hits you but does no damage.
You are lethally poisoned!
The bat hits you but does no damage.
You slash the goblin!
You kill the goblin!
You closely miss the bat.
* * * LOW HITPOINT WARNING * * *
You feel very sick. The bat hits you but does no damage.
You closely miss the bat.
* * * LOW HITPOINT WARNING * * *
You feel very sick. The bat barely misses you.
* * * LOW HITPOINT WARNING * * *
You feel sick. The bat hits you.
* * * LOW HITPOINT WARNING * * *
You die...

...#....####....#####
#.....##..........
##.......#...####.
#.#...###...#
#.##....#...# #
#.##..#.####.
#.####.##..#... .#
##............#.# .#
#.....@).........
#...............
#..>...b........
#........?....[.
#...............
#...............
#...............
##.............


You could see a bat.

Vanquished Creatures
  An adder (D:2)
  4 bats
  6 endoplasms (D:1)
  4 giant cockroaches (D:1)
  4 goblins
  2 quokkas (D:1)
  6 ball pythons
  2 frilled lizards (D:1)
  7 kobolds (D:1)
  2 rats (D:1)
38 creatures vanquished.

Notes
Turn   | Place    | Note
-------+----------+-------------------------------------------
     0 | D:1      | quakins the Hill Orc Fighter began the quest for the Orb.
     0 | D:1      | Reached XP level 1. HP: 19/19 MP: 1/1
    46 | D:1      | Reached skill level 3 in Axes
   115 | D:1      | Reached XP level 2. HP: 24/26 MP: 2/2
   172 | D:1      | Reached skill level 4 in Axes
   688 | D:1      | Found a faded altar of an unknown god.
   825 | D:1      | Reached XP level 3. HP: 31/31 MP: 3/3
  1279 | D:2      | Reached skill level 5 in Axes
  1333 | D:2      | HP: 1/31 [bat (1)]
  1334 | D:2      | Succumbed to a goblin's poison

Illustrated notes

Levels and vault maps discovered:
D:1:      evilmike_arrival_crescent, layout_basic, basic_ecumenical_altar
D:2:      layout_rooms, eino_tiny_chamber

Skill      XL: |  1  2  3 |
---------------+----------+-----
Axes           | 3 4 5 |  5.3
Fighting       | |  3.6
Armour         | |  3.2
Shields        | |  3.2

Action                   || total
-------------------------++-------
Melee: War axe           ||    86
Armor: Scale mail        ||    41
Dodge: Dodged            ||    47
Block: Buckler           ||    13
